 Dungeon Crawl Stone Soup version 0.31.0-32-g396128a36d (webtiles) character file.

Game seed: 16678811020692531960

588 booth the Cudgeller (level 7, 0/44 HPs)
             Began as a Gargoyle Monk on Mar 18, 2024.
             Was a Believer of Wu Jian.
             Slain by Edmund
             ... wielding a +5 flail of holy wrath
              (18 damage)
             ... on level 5 of the Dungeon.
             The game lasted 00:20:27 (3747 turns).

booth the Cudgeller (Gargoyle Monk)                 Turns: 3747, Time: 00:20:27

Health: 0/44       AC:  0    Str: 15 (16) XL:     7   Next: 38%
Magic:  7/7        EV: 20    Int: 11      God:    Wu Jian [**....]
Gold:   164        SH:  0    Dex: 15 (17) Spells: 6/6 levels left

rFire   . . .        a - melded +0 mace
rCold   . . .        (shield currently unavailable)
rNeg    + . .        j - melded +0 ring mail
rPois   ∞            (helmet currently unavailable)
rElec   .            q - melded +0 cloak
rCorr   .            r - melded +0 pair of gloves
SInv    .            (boots currently unavailable)
Will    .....        (no amulet)
Stlth   +            (ring currently unavailable)
HPRegen 0.27/turn    (ring currently unavailable)
MPRegen 0.10/turn

%: no passive effects
@: bat-form, flying, very quick
A: fast, flying, no casting, sickness immunity, AC +4, tiny, negative energy
resistance 1, (electricity resistance), torment resistance 1, petrification
resistance, (iridescent scales 1), deterioration 1
a: Renounce Religion, Wall Jump


You were on level 5 of the Dungeon.
You worshipped Wu Jian.
Wu Jian was pleased with you.
You were a bat.
You visited 2 branches of the dungeon, and saw 6 of its levels.

You collected 164 gold pieces.

Inventory:

Hand Weapons
 a - a +0 mace (melded)
Missiles
 o - 4 poisoned darts (quivered)
 w - a boomerang
 x - a throwing net
Armour
 d - an orb of light
 j - a +0 ring mail (melded)
 l - a +1 leather armour
 q - a +0 cloak (melded)
 r - a +0 pair of gloves (melded)
Scrolls
 b - a scroll of teleportation
 e - a scroll of vulnerability
 i - a scroll of revelation
 m - a scroll of fog {unknown}
Potions
 c - a potion of ambrosia
 f - a potion of cancellation
 h - a potion of might
 n - a potion of resistance {unknown}
 p - a potion of magic {unknown}
 s - a potion of mutation
 t - a potion of enlightenment {unknown}
 u - a potion of heal wounds {unknown}


   Skills:
 + Level 5.4 Fighting
 * Level 6.1 Maces & Flails
 + Level 4.0 Dodging


You had 6 spell levels left.
You didn't know any spells.
Your spell library was empty.

Dungeon Overview and Level Annotations

Branches:
Dungeon (5/15)             Temple (1/1) D:5

Altars:
Cheibriados
Dithmenos
Elyvilon
Gozag
Hepliaklqana
Makhleb
Nemelex Xobeh
Okawaru
Ru
Sif Muna
Trog
Uskayaw
Vehumet
Wu Jian
Xom
Yredelemnul
The Shining One

Shops:
D:1 [   D:5 (

Annotations:
D:5 Edmund


Innate Abilities, Weirdness & Mutations

You are a bat.
You are tiny and dextrous.
You move quickly.
You are flying.
Your equipment is almost entirely melded.
You are incapable of wielding weapons or throwing items.
You cannot cast spells.
You are immune to sickness and miasma.
((Your stone body is resilient. (AC +4)))
You are immune to poison.
You resist negative energy. (rN+)
((You are resistant to electric shocks. (rElec)))
You are resistant to unholy torment.
You are immune to petrification.
((You are partially covered in iridescent scales. (AC +2)))
Your body sometimes deteriorates upon taking damage.


Message History

There is a staircase back to the Dungeon here.
You climb upwards.
Welcome back to the Dungeon!
There is a staircase to the Ecumenical Temple here.
Edmund the Younger comes into view.
He is wielding a +5 flail of holy wrath and carrying a wand of polymorph.
Edmund shouts!
Edmund moves out of view.
Throw: 6 darts (poison)
Press: ? - help, Q - select action, (/) - cycle Shift-Dir - straight line, f - Edmund
Aim: Edmund, wielding a +5 flail of holy wrath, wearing a +0 ring mail and carrying a wand of polymorph (58% to hit)
You throw a poisoned dart. The poisoned dart hits Edmund.
Edmund is poisoned.
Throw: 5 darts (poison)
Press: ? - help, Q - select action, (/) - cycle Shift-Dir - straight line, f/p - Edmund
Aim: Edmund, wielding a +5 flail of holy wrath, wearing a +0 ring mail and carrying a wand of polymorph (lightly wounded, poisoned, 58% to hit)
You throw a poisoned dart. The poisoned dart hits Edmund.
Edmund looks even sicker.
Edmund is lightly wounded.
You lunge at Edmund.
You hit Edmund but do no damage.
Edmund is lightly wounded.
Edmund hits you but does no damage.
You hit Edmund.
Edmund is moderately wounded.
Edmund zaps a wand.
You turn into a bat.
Your +0 mace melds into your body.
Your +0 cloak melds into your body.
Your +0 pair of gloves melds into your body.
Your +0 ring mail melds into your body.
You barely miss Edmund.
Edmund is moderately wounded.
Edmund hits you with a +5 flail of holy wrath!
You barely miss Edmund.
Edmund is moderately wounded.
Edmund hits you with a +5 flail of holy wrath!
Your body deteriorates!
You feel clumsy.
You barely miss Edmund.
Edmund is moderately wounded.
Edmund says, "People think my brother is the best.
I think he's crazy."
Edmund closely misses you. Edmund attacks as he pursues you!
Edmund hits you with a +5 flail of holy wrath!!
You die...
Edmund whines, "They better pay attention to me now!"

### ## .... .# .....
.#####################......
................b@.((.......
.#####################......
........... .....
#..######## ## ....
...####### .## .##
#....#((.# .. ..
..####...####.# .
######)..#....# #.#..(#....#
#########


You could see Edmund (poisoned).

Vanquished Creatures
  Sigmund (D:5)
  2 bombardier beetles
  4 crimson imps (D:4)
  A jelly (D:4)
  A hound (D:4)
  A gnoll (D:1)
  4 adders
  2 white imps (D:5)
  5 dart slugs
  2 ribbon worms
  4 orcs
  4 ball pythons
  10 endoplasms
  2 giant cockroaches
  5 goblins
  7 hobgoblins
  11 jackals
  A quokka (D:2)
  3 training dummies (D:5)
  5 bats
  4 frilled lizards
  7 kobolds
  A rat (D:1)
87 creatures vanquished.

Notes
Turn   | Place    | Note
-------+----------+-------------------------------------------
     0 | D:1      | booth the Gargoyle Monk began the quest for the Orb.
     0 | D:1      | Reached XP level 1. HP: 14/14 MP: 1/1
    41 | D:1      | Reached XP level 2. HP: 11/19 MP: 2/2
   217 | D:1      | Reached XP level 3. HP: 23/24 MP: 3/3
   579 | D:1      | Found Tuapam's Armour Shop.
   990 | D:2      | Reached XP level 4. HP: 27/29 MP: 4/4
  1275 | D:3      | Reached skill level 4 in Maces & Flails
  1749 | D:3      | Reached XP level 5. HP: 33/33 MP: 5/5
  2516 | D:4      | Found a shimmering altar of Xom.
  2560 | D:4      | Reached skill level 5 in Maces & Flails
  2560 | D:4      | Reached XP level 6. HP: 32/39 MP: 6/6
  3217 | D:5      | Entered Level 5 of the Dungeon
  3265 | D:5      | Found Miahyime's Firing Range.
  3342 | D:5      | Noticed Sigmund
  3345 | D:5      | Reached skill level 5 in Fighting
  3367 | D:5      | Gained mutation: Your body sometimes deteriorates upon
                  | taking damage. [potion of mutation]
  3367 | D:5      | Gained mutation: You are partially covered in iridescent
                  | scales. (AC +2) [potion of mutation]
  3377 | D:5      | HP: 1/40 [something (8)]
  3380 | D:5      | Killed Sigmund
  3381 | D:5      | Reached skill level 6 in Maces & Flails
  3381 | D:5      | Reached XP level 7. HP: 8/44 MP: 7/7
  3682 | D:5      | Found a staircase to the Ecumenical Temple.
  3691 | Temple   | Entered the Ecumenical Temple
  3697 | Temple   | Became a worshipper of the Wu Jian Council
  3697 | Temple   | Reached * piety under Wu Jian
  3697 | Temple   | Reached ** piety under Wu Jian
  3735 | D:5      | Noticed Edmund
  3747 | D:5      | Slain by Edmund

Illustrated notes

Levels and vault maps discovered:
D:1:      dpeg_arrival_radiant, layout_loops_cross, serial_shops,
          nicolae_shop_peninsula, item_on_display_a
D:2:      layout_basic
D:3:      layout_basic, minivault_24, interstate_on_off, minmay_cupped
D:4:      layout_loops_ring, led_xom_imps
D:5:      layout_basic, mainiacjoe_overflow_small_starburst,
          minmay_temple_entry_purple_smoke, nicolae_shop_firing_range,
          uniq_sigmund, uniq_eustachio, uniq_crazy_yiuf_cottage, uniq_edmund
Temple:   eino_temple_rhombus

Skill      XL: |  1  2  3  4  5  6 |
---------------+-------------------+-----
Fighting       | 4 5 |  5.4
Maces & Flails | 4 5 6 |  6.1
Dodging        | 3 4 |  4.0

Action                     |  1- 3 |  4- 6 |  7- 9 || total
---------------------------+-------+-------+-------++-------
  Melee: Mace              |    78 |   193 |    20 ||   291
         Punch             |       |     2 |       ||     2
         Unarmed           |       |       |     3 ||     3
  Throw: Dart              |       |     7 |     2 ||     9
Ability: Lunge             |       |       |     1 ||     1
    Use: Scroll            |     3 |     4 |       ||     7
         Potion            |       |     8 |       ||     8
 Armour: Robe              |    16 |       |       ||    16
         Leather armour    |    11 |    49 |       ||    60
         Ring mail         |       |    75 |    10 ||    85
         Skin              |       |       |     3 ||     3
  Dodge: Dodged            |    43 |   108 |     8 ||   159
